 Dungeon Crawl Stone Soup version 0.30.0-13-g156ef70053 (webtiles) character file.

Game seed: 2257780256469236108

313 ragingrage the Digger (level 6, -1/48 HPs)
             Began as an Armataur Earth Elementalist on May 17, 2023.
             Succumbed to a scorpion's poison
             ... on level 5 of the Dungeon.
             The game lasted 00:03:04 (2763 turns).

ragingrage the Digger (Armataur Earth Elementalist) Turns: 2763, Time: 00:03:05

Health: -1/48      AC:  5    Str:  7 (13) XL:     6   Next: 19%
Magic:  1/8        EV:  7    Int: 11 (17) God:
Gold:   118        SH:  0    Dex:  5 (11) Spells: 2/8 levels left

rFire   . . .        e - +4 war axe
rCold   . . .        (no shield)
rNeg    . . .        q - +0 ring mail
rPois   .            (no helmet)
rElec   .            (no cloak)
rCorr   .            (no gloves)
SInv    .            (no barding)
Will    .....        (no amulet)
Stlth   +            (no ring)
HPRegen 0.28/turn    (no ring)
MPRegen 0.11/turn

%: roll
@: lethally poisoned (-1 -> -16)
A: large, rugged brown scales 3, deformed body, armoured tail, roll, long
tongue, awkward tongue
a: no special abilities


You were on level 5 of the Dungeon.
You visited 1 branch of the dungeon, and saw 5 of its levels.

You collected 118 gold pieces.

Inventory:

Hand Weapons
 c - a +0 dagger
 e - a +4 war axe (weapon)
Missiles
 i - a throwing net
 p - 6 poisoned darts
 r - 6 datura-tipped darts
Armour
 q - a +0 ring mail (worn)
Scrolls
 a - a scroll of enchant armour {unknown}
 d - 3 scrolls of teleportation {unknown}
 h - a scroll of identify {unknown}
 j - 2 scrolls of magic mapping {unknown}
 l - 3 scrolls of immolation {unknown}
 m - a scroll of enchant weapon {unknown}
 n - a scroll of torment {unknown}
 o - a scroll of fog {unknown}
Potions
 b - a potion of magic
 k - a potion of attraction


   Skills:
 - Level 1.3 Dodging
 - Level 2.1 Stealth
 - Level 1.7 Spellcasting
 + Level 3.7 Conjurations
 - Level 0.8 Transmutations
 - Level 5.0 Earth Magic


You had 2 spell levels left.
You knew the following spells:

 Your Spells              Type           Power      Damage    Failure   Level
a - Sandblast             Erth           22%        2d7       14%         1
b - Passwall              Tmut/Erth      5%         N/A       43%         2
c - Stone Arrow           Conj/Erth      20%        3d8       47%         3

Your spell library contained the following spells:

 Spells                   Type           Power      Damage    Failure   Level
 Petrify                  Tmut/Erth      7%         N/A       97%         4


Dungeon Overview and Level Annotations

Branches:
Dungeon (5/15)
 Temple: D:4-7

Altars:
Wu Jian

Annotations:
D:2 exclusion: downstairs


Innate Abilities, Weirdness & Mutations

You are completely covered in rugged brown scales. (AC +3, +7% HP)
Armour fits poorly on your strangely shaped body.
You have a long armoured tail.
You roll when moving toward enemies. (Rampage)
Your long tongue fully drains potion bottles. (2x potion effects)
Your tongue gives you trouble enunciating. (1.5x scroll delay)


Message History

The scorpion stings you but does no damage.
The scorpion stings you.
You closely miss the scorpion.
Your tail-slap misses the scorpion.
You feel sick. The scorpion barely misses you. The scorpion stings you.
Aiming: Sandblast (safe; 14% risk of failure)
Aim: a scorpion (moderately wounded, 82% to hit)
The blast of sand hits the scorpion.
You feel sick. The scorpion stings you.
Aiming: Sandblast (safe; 14% risk of failure)
Aim: a scorpion (heavily wounded, 82% to hit)
The blast of sand hits the scorpion.
You feel sick. The scorpion stings you.
The scorpion stings you but does no damage.
Aiming: Sandblast (safe; 14% risk of failure)
Aim: a scorpion (severely wounded, 82% to hit)
The blast of sand hits the scorpion but does no damage.
You feel sick.
You are no longer poisoned.
The scorpion stings you but does no damage.
The scorpion stings you.
Aiming: Sandblast (safe; 14% risk of failure)
Aim: a scorpion (severely wounded, 82% to hit)
The blast of sand hits the scorpion but does no damage.
The scorpion stings you.
You are poisoned.
The scorpion poisons you! The scorpion stings you.
You are lethally poisoned!
The scorpion poisons you!
Aiming: Sandblast (safe; 14% risk of failure)
Aim: a scorpion (severely wounded, 82% to hit)
The blast of sand hits the scorpion.
* * * LOW HITPOINT WARNING * * *
You feel extremely sick. The scorpion stings you.
* * * LOW HITPOINT WARNING * * *
The scorpion barely misses you.
Aiming: Sandblast (safe; 14% risk of failure)
Aim: a scorpion (almost dead, 82% to hit)
The blast of sand hits the scorpion.
You die...

...
...
..
###.#
##...
.S.
#s#
#@#
###


You could see a scorpion and an adder.

Vanquished Creatures
  Sigmund (D:3)
  An adder (D:3)
  6 gnolls
  2 worms
  2 dart slugs (D:3)
  7 bats
  9 endoplasms
  4 giant cockroaches
  7 goblins
  10 hobgoblins
  2 jackals (D:1)
  9 quokkas
  9 ball pythons
  A frilled lizard (D:1)
  8 kobolds
  4 rats (D:1)
82 creatures vanquished.

Notes
Turn   | Place    | Note
-------+----------+-------------------------------------------
     0 | D:1      | ragingrage the Armataur Earth Elementalist began the quest
                  | for the Orb.
     0 | D:1      | Reached XP level 1. HP: 14/14 MP: 3/3
   109 | D:1      | Reached skill level 3 in Earth Magic
   251 | D:1      | Reached XP level 2. HP: 21/21 MP: 2/4
   397 | D:1      | Reached XP level 3. HP: 27/27 MP: 3/5
   450 | D:1      | Found a faded altar of an unknown god.
   477 | D:1      | Reached skill level 4 in Earth Magic
  1319 | D:2      | Reached XP level 4. HP: 35/35 MP: 4/6
  1641 | D:3      | Noticed Sigmund
  1760 | D:2      | HP: 1/35 [gnoll/+0 flail (7)]
  1883 | D:3      | Learned a level 2 spell: Passwall
  1887 | D:3      | Learned a level 3 spell: Stone Arrow
  1977 | D:3      | Reached skill level 5 in Earth Magic
  1990 | D:3      | Reached skill level 1 in Conjurations
  2078 | D:3      | Reached XP level 5. HP: 40/40 MP: 3/7
  2394 | D:3      | Killed Sigmund
  2395 | D:3      | Reached XP level 6. HP: 36/48 MP: 3/8
  2706 | D:4      | Found an ornate altar of the Wu Jian Council.
  2747 | D:5      | Entered Level 5 of the Dungeon
  2763 | D:5      | Succumbed to a scorpion's poison

Illustrated notes

Levels and vault maps discovered:
D:1:      amcnicky_arrival_choice, layout_loops_ring,
          shapermc_ecumenical_altar_acropolis, kennysheep_another_room,
          minmay_hexomino_c4
D:2:      layout_rooms, serial_forest, infiniplex_forest_pool,
          infiniplex_forest_lined_3, infiniplex_forest_lined_room_,
          infiniplex_forest_end_1, infiniplex_forest_straight_2,
          infiniplex_forest_clump_medium, minmay_split_cup_small
D:3:      layout_rooms, uniq_sigmund
D:4:      layout_gridville, riverfiend_overflow_shadow_ancestor,
          mainiacjoe_overflow_boulevard, minmay_temple_entry_proselytizer
D:5:      layout_basic, mainiacjoe_overflow_cross_hatched,
          gammafunk_ghost_mausoleum, gup_sewer_entry_spiral,
          corexii_hall_statues_t

Skill      XL: |  1  2  3  4  5 |
---------------+----------------+-----
Earth Magic    | 3 4 5 |  5.0
Conjurations   | 1 3 |  3.7
Dodging        | |  1.3
Stealth        | |  2.1
Spellcasting   | |  1.7
Transmutations | |  0.8

Action                     |  1- 3 |  4- 6 || total
---------------------------+-------+-------++-------
  Melee: Club              |     7 |       ||     7
         Punch             |     1 |     1 ||     2
         War axe           |    35 |    27 ||    62
         Tailslap          |     2 |     4 ||     6
   Cast: Sandblast         |    43 |    53 ||    96
    Use: Potion            |       |     6 ||     6
 Armour: Robe              |    37 |    17 ||    54
         Ring mail         |       |     7 ||     7
  Dodge: Dodged            |    32 |    29 ||    61
